 Dungeon Crawl Stone Soup version 0.28.0-47-ge53b351184 (webtiles) character file.

Game seed: 4599999904961898857

135 GigaChad the Slasher (level 4, -3/42 HPs)
             Began as a Minotaur Berserker on May 6, 2022.
             Was a Follower of Trog.
             Slain by an ice beast (14 damage)
             ... on level 3 of the Dungeon.
             The game lasted 00:03:44 (2339 turns).

GigaChad the Slasher (Minotaur Berserker)           Turns: 2339, Time: 00:03:45

Health: -3/42      AC:  2    Str: 21    XL:     4   Next: 97%
Magic:  3/3        EV: 12    Int:  4    God:    Trog [*.....]
Gold:   68         SH:  0    Dex: 12    Spells: 3/3 levels left

rFire   . . .      SeeInvis .   a - +0 falchion
rCold   . . .      Faith    .   (no shield)
rNeg    . . .      Spirit   .   b - +0 animal skin
rPois   .          Reflect  .   (helmet restricted)
rElec   .          Harm     .   (no cloak)
rCorr   .          Rampage  .   (no gloves)
Will    .....                   (no boots)
Stlth   +.........              (no amulet)
HPRegen 0.14/turn               (no ring)
MPRegen 0.08/turn               (no ring)

@: no status effects
A: horns 2, retaliatory headbutt
a: Renounce Religion, Berserk


You were on level 3 of the Dungeon.
You worshipped Trog.
Trog was aware of your devotion.
You visited 1 branch of the dungeon, and saw 4 of its levels.

You collected 68 gold pieces.

Inventory:

Hand Weapons
 a - a +0 falchion (weapon)
Armour
 b - a +0 animal skin (worn)
Scrolls
 d - a scroll of acquirement {unknown}
 f - a scroll of silence {unknown}
 h - a scroll of identify {unknown}
Potions
 c - a potion of curing {unknown}
 e - 2 potions of haste {unknown}
 g - a potion of invisibility {unknown}
 i - a potion of lignification {unknown}
 j - a potion of heal wounds {unknown}
 k - a potion of magic {unknown}
 l - a potion of degeneration {unknown}
 m - a potion of might {unknown}


   Skills:
 + Level 5.0 Fighting
 + Level 5.0 Long Blades
 + Level 2.9 Armour
 + Level 3.0 Dodging
 + Level 0.6 Stealth


You had 3 spell levels left.
You didn't know any spells.
Your spell library contained the following spells:

 Spells                   Type           Power      Damage    Failure   Level
 Freeze                   Ice            0%         1d3       50%         1
 Frozen Ramparts          Ice            0%         1d2       86%         3
 Hailstorm                Conj/Ice       0%         3d3       99%         4


Dungeon Overview and Level Annotations

Branches:
Dungeon (4/15)
 Temple: D:4-7

Altars:


Innate Abilities, Weirdness & Mutations

You have a pair of horns on your head.
You reflexively headbutt those who attack you in melee.


Message History

You hear the brisk rusting of a very distant drain.
You hear the quick rusting of a very distant drain.
You hear the quick rusting of a very distant drain.
There is an open door here.
An ice beast comes into view.
An ice beast is nearby!
An ice beast is nearby!
The ice beast hits you. The ice beast freezes you.
You barely miss the ice beast.
The ice beast hits you but does no damage.
You slash the ice beast!
The ice beast is moderately wounded.
The ice beast closely misses you.
You barely miss the ice beast.
The ice beast is moderately wounded.
The ice beast hits you but does no damage.
You barely miss the ice beast. Your headbutt misses the ice beast.
The ice beast is moderately wounded.
The ice beast hits you. The ice beast freezes you.
You slash the ice beast!
You punch the ice beast, but do no damage.
The ice beast is heavily wounded.
The ice beast barely misses you.
You closely miss the ice beast.
The ice beast is heavily wounded.
The ice beast hits you. The ice beast freezes you!
You closely miss the ice beast.
You headbutt the ice beast, but do no damage.
Your punch misses the ice beast.
The ice beast is heavily wounded.
The ice beast barely misses you.
You hit the ice beast. Your headbutt misses the ice beast.
The ice beast is heavily wounded.
The ice beast closely misses you.
You closely miss the ice beast.
The ice beast is heavily wounded.
The ice beast hits you.
* * * LOW HITPOINT WARNING * * *
The ice beast freezes you!
You die...

..#.# #.#..#.#
##...## # ###.#
#.#.##.# ##'## # #.#
#.#.##.# #.# #.#
#......######.##
###.###........# #
#.####...## # #.#
#.....#
#.###.####...##
#.Y@.....##..# ####
#####.##.##>.####...
#.##..........##
#........######
#######.## #.# #.#
... #.#


You could see an ice beast.

Vanquished Creatures
  Jessica (D:2)
  Natasha (D:3)
  An iguana (D:4)
  A hound skeleton (D:4)
  An adder (D:3)
  An adder skeleton (D:4)
  A worm (D:3)
  A dart slug (D:1)
  A ball python (D:1)
  4 endoplasms
  4 goblins
  6 hobgoblins
  2 quokkas
  2 bats (D:3)
  4 rats
31 creatures vanquished.

Notes
Turn   | Place    | Note
-------+----------+-------------------------------------------
     0 | D:1      | GigaChad the Minotaur Berserker began the quest for the
                  | Orb.
     0 | D:1      | Reached XP level 1. HP: 19/19 MP: 0/0
   607 | D:1      | Reached XP level 2. HP: 27/27 MP: 1/1
  1010 | D:2      | Noticed Jessica
  1015 | D:2      | Killed Jessica
  1016 | D:2      | Reached XP level 3. HP: 25/34 MP: 2/2
  1406 | D:2      | You fall into a shaft and drop 2 floors!
  1792 | D:4      | Reached XP level 4. HP: 40/41 MP: 3/3
  2109 | D:3      | Noticed Natasha
  2126 | D:3      | Killed Natasha
  2127 | D:3      | Reached skill level 5 in Long Blades
  2181 | D:3      | Reached skill level 5 in Fighting
  2327 | D:3      | Noticed an ice beast
  2339 | D:3      | Slain by an ice beast

Illustrated notes

Levels and vault maps discovered:
D:1:      dpeg_arrival_rhombus, layout_basic
D:2:      layout_loops_cross, minmay_split_cup_small, uniq_jessica
D:3:      layout_loops_corners, portal_sewer_entry_f, uniq_natasha, uniq_robin
D:4:      layout_rooms, serial_glass, glass_columns_a, glass_columns_b,
          glass_columns_c, glass_columns_b, glass_columns_c, glass_columns_a,
          glass_columns_b, glass_columns_a, glass_columns_a, glass_columns_b,
          glass_columns_c, glass_columns_b, glass_columns_a, glass_columns_a,
          serial_shops, shop, uniq_pikel

Skill      XL: |  1  2  3  4 |
---------------+-------------+-----
Fighting       | 4 5 |  5.0
Long Blades    | 4 5 |  5.0
Dodging        | 3 |  3.0
Armour         | |  2.9
Stealth        | |  0.6

Action                   |  1- 3 |  4- 6 || total
-------------------------+-------+-------++-------
Melee: Falchion          |    38 |    36 ||    74
       Headbutt          |     5 |     4 ||     9
       Punch             |       |     2 ||     2
 Stab: Distracted        |       |     1 ||     1
Armor: Animal skin       |     7 |     7 ||    14
Dodge: Dodged            |    27 |    22 ||    49
